 Dungeon Crawl Stone Soup version 0.29.1-2-gbd0b4ee654 (webtiles) character file.

Game seed: 527354002242053653

127 GorkyZ the Trooper (level 5, -1/49 HPs)
             Began as a Gargoyle Fighter on Nov 26, 2022.
             Slain by a gnoll
             ... wielding a +0 halberd
             ... led by a gnoll bouda
              (7 damage)
             ... on level 3 of the Dungeon.
             The game lasted 00:06:10 (2059 turns).

GorkyZ the Trooper (Gargoyle Fighter)               Turns: 2059, Time: 00:06:11

Health: -1/49      AC: 22    Str: 22    XL:     5   Next: 11%
Magic:  5/5        EV:  2    Int:  8    God:
Gold:   112        SH:  4    Dex:  9    Spells: 4/4 levels left

rFire   + . .      SeeInvis +   a - +0 war axe
rCold   + . .      Faith    .   c - +0 buckler
rNeg    + . .      Spirit   .   (body armour currently unavailable)
rPois   ∞          Reflect  .   (helmet currently unavailable)
rElec   +          Harm     .   (cloak currently unavailable)
rCorr   +          Rampage  .   (gloves currently unavailable)
Will    .....      NoTele   +   (boots currently unavailable)
Stlth   +.........              (no amulet)
HPRegen 0.16/turn               n - ring of see invisible
MPRegen 0.09/turn               h - +4 ring of evasion

@: tree-form, resistant
A: stationary, stasis, torment immunity, boosted hp, sickness immunity, AC +4,
negative energy resistance 1, (electricity resistance), torment resistance 1,
petrification resistance
a: no special abilities


You were on level 3 of the Dungeon.
You were a tree.
You visited 1 branch of the dungeon, and saw 3 of its levels.

You collected 112 gold pieces.

Inventory:

Hand Weapons
 a - a +0 war axe (weapon)
Armour
 b - a +0 scale mail (melded)
 c - a +0 buckler (worn)
 e - a +0 cloak (melded)
 t - a +0 helmet
 u - a +0 helmet (melded)
Jewellery
 h - a +4 ring of evasion (right branch)
 n - a ring of see invisible (left branch)
 q - a ring of resist corrosion
 s - an amulet of magic regeneration
Scrolls
 f - 3 scrolls of identify {unknown}
 g - a scroll of poison {unknown}
 j - a scroll of amnesia {unknown}
 l - 2 scrolls of enchant weapon {unknown}
 m - 2 scrolls of teleportation {unknown}
 v - a scroll of torment {unknown}
Potions
 d - a potion of might


   Skills:
 + Level 3.9 Fighting
 * Level 2.7 Axes
 + Level 1.2 Throwing
 + Level 3.8 Armour
 + Level 1.2 Dodging
 + Level 3.8 Shields


You had 4 spell levels left.
You didn't know any spells.
Your spell library was empty.

Dungeon Overview and Level Annotations

Branches:
Dungeon (3/15)

Altars:
Trog


Innate Abilities, Weirdness & Mutations

You are a tree.
Your roots penetrate the ground, keeping you stationary.
You cannot be teleported.
You are immune to unholy pain and torment.
Your maximum health is greatly increased.
Your equipment is partially melded.
You are immune to sickness and miasma.
((Your stone body is resilient. (AC +4)))
You are immune to poison.
You resist negative energy. (rN+)
((You are resistant to electric shocks. (rElec)))
You are resistant to unholy torment.
You are immune to petrification.


Message History

You have reached level 5!
You hit the gnoll.
The gnoll is heavily wounded.
The gnoll hits you but does no damage. x3
You closely miss the gnoll.
The gnoll is heavily wounded.
The gnoll hits you from afar with a +0 halberd.
* * * LOW HITPOINT WARNING * * *
The gnoll hits you but does no damage. x2
You hit the gnoll but do no damage.
The gnoll is heavily wounded.
The gnoll hits you but does no damage. You block the gnoll's attack.
You slash the gnoll!
You kill the gnoll!
The gnoll barely misses you.
You are too injured to fight recklessly!
You are too injured to fight recklessly!
Throw: 3 darts (poison)
Press: ? - help, Q - select action Shift-Dir - straight line, f - gnoll
Aim: a gnoll, wielding a +0 halberd (58% to hit)
You throw a poisoned dart. The poisoned dart hits the gnoll.
The gnoll is poisoned.
The gnoll barely misses you.
Throw: 2 darts (poison)
Press: ? - help, Q - select action Shift-Dir - straight line, f/p - gnoll
Aim: a gnoll, wielding a +0 halberd (poisoned, 58% to hit)
You throw a poisoned dart.
The poisoned dart closely misses the gnoll.
The gnoll hits you from afar with a +0 halberd!
* * * LOW HITPOINT WARNING * * *
Throw: dart (poison)
Press: ? - help, Q - select action Shift-Dir - straight line, f/p - gnoll
Aim: a gnoll, wielding a +0 halberd (lightly wounded, poisoned, 58% to hit)
You throw a poisoned dart.
The poisoned dart barely misses the gnoll.
The gnoll hits you but does no damage.
It was a potion of resistance.
You feel protected.
The gnoll hits you from afar with a +0 halberd!
You die...

.# .# ..# .># #
#####..## #.##.
#.......#
#....##.#..>..#
#(..g)♣.#†##..#
#....####.##..#
#.##.#####.##..#
#######..
#...........########
.<.......
..####.............
#########
#..###.#..##.# #
##..###.#..##.### #
#.......#..)..... #
...............##.


You could see a gnoll (poisoned).

Vanquished Creatures
  A gnoll bouda (D:3)
  3 gnolls
  An adder (D:3)
  A worm (D:3)
  5 orcs (D:3)
  5 ball pythons
  6 endoplasms
  A giant cockroach (D:2)
  4 goblins
  2 hobgoblins (D:2)
  3 quokkas
  3 bats
  2 frilled lizards (D:1)
  8 kobolds
  5 rats
50 creatures vanquished.

Vanquished Creatures (others)
  A plant (D:1)
1 creature vanquished.

Grand Total: 51 creatures vanquished

Notes
Turn   | Place    | Note
-------+----------+-------------------------------------------
     0 | D:1      | GorkyZ the Gargoyle Fighter began the quest for the Orb.
     0 | D:1      | Reached XP level 1. HP: 14/14 MP: 1/1
    93 | D:1      | Reached XP level 2. HP: 15/19 MP: 2/2
   371 | D:1      | Reached XP level 3. HP: 17/23 MP: 3/3
   864 | D:2      | Found a bloodstained altar of Trog.
  1228 | D:2      | Found a faded altar of an unknown god.
  1686 | D:3      | Reached XP level 4. HP: 29/29 MP: 4/4
  1733 | D:3      | Reached skill level 1 in Throwing
  1815 | D:3      | Reached skill level 1 in Dodging
  2052 | D:3      | Reached XP level 5. HP: 18/33 MP: 5/5
  2059 | D:3      | Slain by a gnoll

Illustrated notes

Levels and vault maps discovered:
D:1:      dpeg_arrival_rooms_a, layout_rooms, nicolae_grassy_gnolls
D:2:      layout_basic, basic_altar, shapermc_ecumenical_altar_hornbeckon,
          kennysheep_small_spiral, chequers_serial_rivers_micro_c
D:3:      layout_loops_ring

Skill      XL: |  1  2  3  4 |
---------------+-------------+-----
Axes           | 2 |  2.7
Throwing       | 1 |  1.2
Dodging        | 1 |  1.2
Fighting       | |  3.9
Armour         | |  3.8
Shields        | |  3.8

Action                   |  1- 3 |  4- 6 || total
-------------------------+-------+-------++-------
Melee: War axe           |    92 |    58 ||   150
Throw: Dart              |       |     3 ||     3
  Use: Potion            |       |     7 ||     7
Armor: Scale mail        |    46 |    28 ||    74
       Skin              |       |    10 ||    10
Dodge: Dodged            |    61 |    59 ||   120
Block: Buckler           |    21 |    22 ||    43
